[Event "Silves Open 2025"]
[Site "Fissul"]
[Date "2025.03.06"]
[Round "8.23"]
[White "Bravo Galvez, Ricardo"]
[Black "Silva, Ana Ines Teixeira Da"]
[Result "0-1"]
[Annotator "TA"]
[ECO "D50"]
[WhiteElo "2098"]
[BlackElo "1901"]
[PlyCount "66"]
[EventDate "2025.03.03"]
[EventType "swiss"]
[EventCountry "POR"]
[SourceTitle "playchess.com"]
[Source "ChessBase"]
[SourceQuality "1"]
[TimeControl "5400+30"]

1. d4 d5 2. c4 e6 3. Nc3 Nf6 4. Bg5 dxc4 5. e3 c5 6. dxc5 {[%emt 0:00:30] D50: Queen's Gambit Declined: Dutch-Peruvian Gambit.} Qxd1+ 7. Rxd1 Bxc5 8. Bxc4 {[%emt 0:00:30] The position is equal.} a6 {[%emt 0:00:30] Repels Nb5} 9. Nge2 Nbd7 10. O-O b5 11. Bb3 Bb7 12. a3 $146 (12. h3 O-O-O 13. Rc1 Kb8 14. Bf4+ Ka7 15. Rfd1 Bb6 16. Bh2 Nc5 17. Bc2 Rxd1+ 18. Rxd1 {1-0 Montano Vicente,G (1971)-Clawitter,C (2050) Titled Tuesday intern op 04th Jun Early blitz 2024 (10)}) 12... h6 13. Bf4 Ke7 14. Ba2 (14. h3 $11 {remains equal.}) 14... g5 $17 15. Bg3 h5 {[%emt 0:00:30] [#] Threatens to win with ...h4.} 16. b4 h4 $1 17. bxc5 hxg3 18. Nxg3 Nxc5 {[%emt 0:00:30] Black has a queen side majority} 19. Rd4 Rh4 20. Rfd1 Rah8 (20... Rc8 {looks sharper.} 21. f4 Nb3 22. R4d3 gxf4 23. exf4 Nd4) 21. Rxh4 (21. h3 $17) 21... gxh4 $19 22. Nge2 {[%emt 0:00:30] [#]} Rg8 $1 23. Nf4 (23. g3 {is a better defense.}) 23... Bxg2 24. Rd4 ({Don't play} 24. Nxg2 h3 25. Kf1 Rxg2) (24. Rc1 $142) 24... e5 25. Nxg2 exd4 26. Nxb5 axb5 27. Kf1 dxe3 28. Nxe3 Ng4 29. Nf5+ Kf6 30. Nxh4 Nxh2+ 31. Ke2 Rg4 32. Nf3 Re4+ 33. Kd1 Nxf3 {[%emt 0:00:30] Weighted Error Value: White=1.12/Black=0.37  Mistake:       	White=4     	---        Inaccurate:     	White=1     	---        OK:         	White=5     	Black=6      Best:        	White=1     	Black=3      Strong:       	---       	Black=2} 0-1

[Event "Silves Open 2025"]
[Site "Fissul"]
[Date "2025.03.06"]
[Round "8.24"]
[White "Li, Leon"]
[Black "Santos, Jose P"]
[Result "0-1"]
[Annotator "TA"]
[ECO "B13"]
[WhiteElo "1627"]
[BlackElo "2273"]
[PlyCount "90"]
[EventDate "2025.03.03"]
[EventType "swiss"]
[EventCountry "POR"]
[SourceTitle "playchess.com"]
[Source "ChessBase"]
[SourceQuality "1"]
[TimeControl "5400+30"]

1. e4 c6 2. d4 d5 3. exd5 cxd5 4. Bd3 Nc6 5. c3 Nf6 6. Bf4 Bg4 7. Nf3 e6 8. Nbd2 Bd6 9. Bxd6 Qxd6 10. O-O O-O 11. Re1 Rfe8 {[%emt 0:02:10] B13: Caro-Kann: Exchange Variation and Panov-Botvinnik Attack.} 12. Qc2 Rec8 13. Qb3 Bxf3 {[%emt 0:03:32] The position is equal.} 14. Nxf3 Nd7 15. Rad1 $146 (15. Qc2 h6 16. Qd2 Re8 17. Re2 e5 18. dxe5 Ndxe5 19. Nxe5 Rxe5 20. Rxe5 Nxe5 21. h3 Rd8 22. Rd1 {1-0 Schweitzer,V (2205)-Roth,A (1970) Wasselonne op 2009 (5)}) 15... a6 16. a4 (16. Qxb7 $2 Rcb8 $19) 16... h6 17. h3 (17. Qxb7 $2 Rcb8 $19) 17... Rab8 18. Ra1 Re8 19. Rad1 b5 20. axb5 axb5 21. Qc2 (21. Bxb5 $2 Na7 22. Bxd7 (22. c4 $2 dxc4 23. Qxc4 Nxb5 $19) 22... Rxb3 $19) 21... Rec8 22. Qd2 Na5 23. Rb1 b4 24. Qc2 Nc4 25. Bxc4 Rxc4 26. Nd2 Rc6 27. Rec1 Rbc8 {[%emt 0:00:41] Black is more active.} 28. Ra1 e5 29. Nf3 e4 30. Nd2 Qf6 31. Ra7 (31. Qb3 $142 bxc3 32. bxc3) 31... bxc3 32. bxc3 {[%emt 0:00:00] [#]} Nb6 (32... Nf8 $142 $1 {Strongly threatening ...Rxc3.} 33. Nf1 Ne6) 33. Nb3 (33. Nf1 $17 {was called for.}) 33... Rxc3 $19 34. Qxc3 Rxc3 35. Rxc3 Nc4 36. Ra8+ Kh7 37. Ra1 (37. Ra7 $142) 37... Qb6 38. Rac1 {[%emt 0:00:00] [#]} f5 $1 39. g3 Qf6 40. Rd1 f4 41. gxf4 Qxf4 42. Re1 Nd6 43. Rc5 $2 (43. Ra1) 43... Nf5 44. Rxd5 (44. Rc3 $142) 44... e3 45. fxe3 Qg3+ {[%emt 0:00:06] Weighted Error Value: White=0.66/Black=0.14 (very precise)   Mistake:       	White=5     	Black=1      Inaccurate:     	White=3     	Black=1      OK:         	White=5     	Black=11     Best:        	---       	Black=3      Strong:       	---       	Black=1} 0-1

[Event "Silves Open 2025"]
[Site "Fissul"]
[Date "2025.03.06"]
[Round "8.25"]
[White "Crow, Steve"]
[Black "De Kruif, Kees"]
[Result "0-1"]
[Annotator "NA RC COMBH"]
[ECO "B23"]
[WhiteElo "1742"]
[BlackElo "1857"]
[PlyCount "79"]
[EventDate "2025.03.03"]
[EventType "swiss"]
[EventCountry "POR"]
[SourceTitle "playchess.com"]
[Source "ChessBase"]
[SourceQuality "1"]
[TimeControl "5400+30"]

1. e4 c5 2. Nc3 d6 3. f4 g6 4. Nf3 Bg7 5. Bb5+ Bd7 6. O-O {B23: Closed Sicilian: Lines without g3.} Bxb5 7. Nxb5 a6 8. Nc3 Nc6 9. d3 e6 10. a4 Nge7 11. Qe1 O-O 12. Qh4 Nd4 13. Nxd4 cxd4 14. Nb1 Rc8 15. Na3 Nc6 16. Qf2 Nb4 17. f5 Qf6 18. h4 h6 19. g4 gxf5 20. Qg3 Qg6 21. exf5 exf5 22. Rxf5 Nxc2 23. Nxc2 Rxc2 24. Bf4 Rc5 25. h5 Qe6 26. Re1 Be5 27. Bxe5 Rxe5 $14 28. Ref1 (28. Rexe5 $14 dxe5 29. Rxe5) 28... Re3 29. Qf4 Rxd3 30. g5 Qe3+ 31. Qxe3 Rxe3 32. gxh6 d3 33. Rd5 Re6 34. Rd1 Rxh6 35. R1xd3 Rd8 36. Rb3 Rd7 37. Rb6 Kf8 38. b4 Ke7 39. Kh2 Ke6 40. Rg5 0-1

[Event "Silves Open 2025"]
[Site "Fissul"]
[Date "2025.03.06"]
[Round "8.26"]
[White "Silverio, Vitor Luis De Jesus"]
[Black "Tacuchian, Marcelo Oliveira"]
[Result "1-0"]
[Annotator "TA"]
[ECO "B21"]
[WhiteElo "2143"]
[BlackElo "1620"]
[PlyCount "107"]
[EventDate "2025.03.03"]
[EventType "swiss"]
[EventCountry "POR"]
[SourceTitle "playchess.com"]
[Source "ChessBase"]
[SourceQuality "1"]
[TimeControl "5400+30"]

1. e4 c5 2. f4 Nc6 3. Nf3 g6 4. c3 d5 5. d3 Bg7 6. Be2 {[%emt 0:02:06] B21: Sicilian: 2 f4 and Morra Gambit.} e6 7. O-O Nge7 8. Qc2 {[%emt 0:02:30] The position is equal. 8.Be3 is becoming the main line.} O-O 9. Re1 b6 10. Nbd2 Bb7 11. Nf1 Rc8 12. Be3 $146 (12. a3 a5 13. Ng3 Qc7 14. e5 Rfd8 15. Bd2 Qb8 16. Rac1 Ba6 17. Qb1 a4 18. Bd1 {½-½ Aufmwasser,G (1690)-Duijker,B (1910) Schleswig Holstein-ch Seniors op 2014 (3)}) 12... d4 13. Bf2 Bh6 14. Bg3 Qd7 15. Rad1 Rfd8 (15... f5 $15) 16. h3 Qe8 17. N1h2 Rd7 (17... Bg7 $11) 18. c4 (18. Ng4 $14 Bg7 19. Bh4) 18... Ba6 (18... f6 $11) 19. Rb1 $14 Kh8 20. a3 Bb7 21. Ne5 ({White should play} 21. b4 $16) 21... Nxe5 $11 22. fxe5 Nc6 ({Better is} 22... Be3+ $11 23. Kh1 h5) 23. Rf1 Rcc7 (23... Bg5 $14) 24. Ng4 $16 Bg7 (24... Be3+ $142 25. Nxe3 dxe3) 25. Qd2 {[%emt 0:00:30] White is more active.} Qe7 26. Rf2 Rc8 (26... Qf8 $16 27. Nf6 Rd8) 27. Rbf1 Rf8 28. Qf4 a6 29. Qd2 Qd8 (29... b5) 30. Nh6 (30. Bf4 $18) 30... Qc7 31. Qg5 Bxe5 $2 {[%emt 0:03:11][%mdl 8192] [#] Black cannot hold the game after this.} (31... b5 $16) 32. Rxf7 $1 Rdxf7 (32... Rfxf7 33. Nxf7+) 33. Rxf7 Rxf7 34. Nxf7+ Qxf7 35. Bxe5+ Nxe5 (35... Kg8 $16 36. Bd6 Kg7) 36. Qxe5+ {[%emt 0:00:04][%mdl 4096] Endgame KQB-KQB} Kg8 37. Bg4 $36 {[%emt 0:00:52][%mdl 2048] White has strong initiative.} Bc8 38. Qb8 Qe8 (38... Qf8 {was worth a try.} 39. Bf3 (39. Qxb6 Qf4 $16) 39... e5) 39. Qxb6 $18 Qe7 40. Qb8 Qd7 41. b4 cxb4 42. axb4 Kf7 43. Qf4+ Kg7 44. Qe5+ Kf7 45. Bd1 Qe7 46. c5 ({Not} 46. Qxd4 Qxb4 47. Bf3 Qb1+ 48. Kh2 Qb8+ 49. e5 Qc7 $18) 46... Kg8 47. Bb3 ({Don't take} 47. Qxd4 Qg5 48. c6 e5 49. Qc4+ Kg7 $18) 47... Bd7 48. Qxd4 Bb5 49. Qd6 Qg5 (49... Qxd6 $18 50. cxd6 Kf7) 50. Qxe6+ {[%emt 0:00:37] White mates.} Kg7 51. Qg8+ Kh6 52. Qf8+ Kh5 53. Bd1+ Kh4 54. Qf2+ {[%emt 0:00:10] Weighted Error Value: White=0.21 (precise) /Black=0.57  Loses game:     	---       	Black=1      Missed win:     	White=1     	---        Mistake:       	White=3     	Black=11     Inaccurate:     	White=2     	Black=2      OK:         	White=14    	Black=8      Best:        	White=2     	Black=2} 1-0

[Event "Silves Open 2025"]
[Site "Fissul"]
[Date "2025.03.06"]
[Round "8.27"]
[White "Goncalves, Nuno Filipe Pocinho"]
[Black "Sanchez Guirado, Francisco"]
[Result "0-1"]
[Annotator "TA"]
[ECO "B50"]
[WhiteElo "1731"]
[BlackElo "2286"]
[PlyCount "72"]
[EventDate "2025.03.03"]
[EventType "swiss"]
[EventCountry "POR"]
[SourceTitle "playchess.com"]
[Source "ChessBase"]
[SourceQuality "1"]
[TimeControl "5400+30"]

1. e4 c5 2. Nf3 e6 3. b3 Nc6 4. Bb2 d6 5. Bb5 Bd7 6. O-O a6 {[%emt 0:00:30] B50: Sicilian: 2...d6, Miscellaneous.} 7. Bc4 b5 8. Be2 Nf6 {[%emt 0:00:30] The position is equal.} 9. d3 $146 ({Predecessor:} 9. e5 dxe5 10. Nxe5 Be7 11. Nxd7 Qxd7 12. Bf3 O-O 13. d3 Rfd8 14. Nd2 Rac8 15. Ne4 {0-1 Karapetyan,G (1658)-Kappushev,A (1942) Kislovodsk op 2013 (9)}) 9... Be7 10. a4 O-O 11. e5 Ng4 (11... Nd5 $15) 12. exd6 $11 Bxd6 13. h3 Nh6 14. Qd2 Nf5 15. Ng5 (15. axb5 $11 {keeps the balance.} axb5 16. Rxa8 Qxa8 17. d4) 15... Ncd4 $17 16. Ne4 Bc6 {[%emt 0:00:30] Black is more active.} 17. Bxd4 Nxd4 18. Nbc3 $2 {[%emt 0:00:30][%mdl 8192] White does not recover from this.} (18. Nxd6 $17 {is tougher.} Qxd6 19. Nc3) 18... b4 $19 19. Nd1 Bxe4 20. dxe4 {[%emt 0:00:30] [#]} Nf3+ $1 21. Bxf3 {[%emt 0:00:30] [#] Threatens to win with Qe2.} Bh2+ $1 22. Kxh2 Qxd2 23. e5 (23. Ne3 $142) 23... Qf4+ 24. Kg1 Qxe5 25. Bxa8 (25. Ne3 $142) 25... Qxa1 26. Bb7 a5 27. Ne3 Qe5 28. Bc6 Qc7 29. Bb5 Rd8 30. Re1 Rd2 31. Bd3 Qf4 32. f3 (32. Rf1 $142) 32... Qd4 33. Kh1 Rxd3 34. Nf5 Rd1 35. Nxd4 Rxe1+ 36. Kh2 cxd4 {[%emt 0:00:30] Weighted Error Value: White=0.65/Black=0.41  Loses game:     	White=1     	---        Mistake:       	White=4     	Black=1      Inaccurate:     	White=5     	Black=2      OK:         	White=4     	Black=8      Best:        	White=2     	Black=2      Brilliant:      	---       	Black=1} 0-1

[Event "Silves Open 2025"]
[Site "Fissul"]
[Date "2025.03.06"]
[Round "8.28"]
[White "Pena, Helio Adelino Silva"]
[Black "Botelho, Adelino"]
[Result "0-1"]
[Annotator "NA RC COMBH"]
[ECO "D35"]
[WhiteElo "1842"]
[BlackElo "1550"]
[PlyCount "117"]
[EventDate "2025.03.03"]
[EventType "swiss"]
[EventCountry "POR"]
[SourceTitle "playchess.com"]
[Source "ChessBase"]
[SourceQuality "1"]
[TimeControl "5400+30"]

1. d4 d5 2. c4 c6 3. Nc3 Nf6 4. Bf4 e6 5. e3 Nbd7 6. a3 Be7 7. c5 O-O 8. Bd3 b6 9. b4 bxc5 10. bxc5 a5 11. Qe2 Nb8 12. h3 Ba6 13. Nf3 Bxd3 14. Qxd3 Nbd7 15. O-O h6 16. Rab1 Re8 17. Rb7 Bxc5 18. Na4 Be7 19. Rfb1 c5 20. Qb5 c4 21. Ne5 Nxe5 22. Bxe5 Bxa3 23. Bc7 Qd7 24. Bxa5 Qxb5 25. R7xb5 Bd6 26. Nc5 Kf8 27. Nb7 Be7 28. f3 g6 29. Kf2 h5 30. Ke2 Rec8 31. Nc5 Rc6 32. g4 hxg4 33. hxg4 Rac8 34. g5 Nh7 35. f4 Kg7 36. Bc3 Kg8 37. Nd7 Ra6 38. R1b2 Ra3 39. Kd2 Rca8 40. Rb7 R8a7 41. Rb8+ Kg7 42. Nb6 Rc7 43. Nc8 Bf8 44. Nb6 f6 45. Rxf8 Nxf8 46. gxf6+ Kxf6 47. Kc2 Nd7 48. Nxd7+ Rxd7 49. Bb4 Rxe3 50. Bd2 Rd3 51. Rb8 Rh7 52. Rf8+ Rf7 53. Ra8 Kf5 54. Ra1 Rh7 55. Rd1 Rh2 56. Kc1 c3 57. Be1 Rxd1+ 58. Kxd1 c2+ 59. Kc1 0-1

[Event "Silves Open 2025"]
[Site "Fissul"]
[Date "2025.03.06"]
[Round "8.30"]
[White "Ribeiro, Margarida"]
[Black "Mostafa, Hazem Farouk Mahmoud"]
[Result "1-0"]
[Annotator "NA COMBH"]
[ECO "B07"]
[WhiteElo "1519"]
[BlackElo "1769"]
[PlyCount "80"]
[EventDate "2025.03.03"]
[EventType "swiss"]
[EventCountry "POR"]
[SourceTitle "playchess.com"]
[Source "ChessBase"]
[SourceQuality "1"]
[TimeControl "5400+30"]

1. e4 d6 2. d4 Nf6 3. Nc3 g6 4. Be3 Bg7 5. Qd2 h6 6. Be2 c6 7. a4 Qc7 8. h3 Nbd7 9. Nf3 e5 10. dxe5 dxe5 11. O-O b6 12. b4 Bb7 13. a5 Rd8 14. Rfd1 g5 15. axb6 axb6 16. Na4 Nxe4 17. Bxb6 Nxd2 18. Bxc7 Nxf3+ 19. Bxf3 Rc8 20. Bb6 e4 21. Bg4 Bxa1 22. Bxd7+ Ke7 23. Bxc8 Bxc8 24. Rxa1 Re8 25. Re1 Kd6 26. Bc5+ Kd5 27. Nb6+ Ke5 28. Nxc8 Rxc8 29. f3 f5 30. c3 Ra8 31. Bd4+ Kd5 32. fxe4+ fxe4 33. g4 Ra2 34. Bg7 Rc2 35. Re3 Rd2 36. Bxh6 Rd3 37. Bxg5 Rxe3 38. Bxe3 Kc4 39. Bd4 e3 40. Bxe3 Kxc3 1-0

[Event "Silves Open 2025"]
[Site "Fissul"]
[Date "2025.03.06"]
[Round "8.32"]
[White "Goncalves, Beatriz M A C Nunes"]
[Black "Jeremias, Damaim"]
[Result "1/2-1/2"]
[Annotator "NA RC COMBH"]
[ECO "B01"]
[WhiteElo "1458"]
[BlackElo "1690"]
[PlyCount "83"]
[EventDate "2025.03.03"]
[EventType "swiss"]
[EventCountry "POR"]
[SourceTitle "playchess.com"]
[Source "ChessBase"]
[SourceQuality "1"]
[TimeControl "5400+30"]

1. e4 d5 2. exd5 Nf6 3. Nf3 Nxd5 4. Bc4 Bg4 5. Be2 Nf4 6. O-O Nxe2+ 7. Qxe2 c6 8. d4 Bxf3 9. Qxf3 Nd7 10. c4 e6 11. b3 Nf6 12. Bb2 Be7 13. Nd2 O-O 14. Ne4 Nxe4 15. Qxe4 Bf6 16. Rfd1 Qc7 17. Ba3 Rfd8 18. Rd3 Rd7 19. Rad1 Rad8 20. Bc1 a6 21. Bf4 Qa5 22. R1d2 e5 23. Bxe5 Bxe5 24. dxe5 Rxd3 25. Rxd3 Rxd3 26. Qxd3 Qe1+ 27. Qf1 Qxe5 28. Qd1 g6 29. h3 Kg7 30. Qd2 Qe7 31. Qe3 Qd7 32. Qe5+ f6 33. Qb2 g5 34. Qe2 h6 35. f3 Kg6 36. Qe4+ f5 37. Qe5 h5 38. Qh8 h4 39. Qg8+ Qg7 40. Qe6+ Qf6 41. Qg8+ Qg7 42. Qe6+ 1/2-1/2

[Event "Silves Open 2025"]
[Site "Fissul"]
[Date "2025.03.06"]
[Round "8.37"]
[White "Nguyen, Tri Khoi"]
[Black "Rogge, Marloes"]
[Result "1/2-1/2"]
[Annotator "NA RC COMBH"]
[ECO "E90"]
[WhiteElo "1630"]
[BlackElo "1761"]
[PlyCount "134"]
[EventDate "2025.03.03"]
[EventType "swiss"]
[EventCountry "POR"]
[SourceTitle "playchess.com"]
[Source "ChessBase"]
[SourceQuality "1"]
[TimeControl "5400+30"]

1. d4 d6 2. c4 g6 3. Nc3 Bg7 4. e4 e5 5. d5 Nf6 6. Nf3 O-O 7. h3 Nbd7 8. Be3 b6 9. Qc2 a5 10. Be2 Nc5 11. O-O Bd7 12. Nd2 Re8 13. f3 Nh5 14. Bf2 Nf4 15. Kh2 f5 16. Rg1 fxe4 17. Ndxe4 Qc8 18. Nxc5 bxc5 19. Ne4 Bf5 20. Bd3 Nxd3 21. Qxd3 Qd8 22. g4 Bd7 23. Bg3 Qe7 24. Rgf1 a4 25. Kg2 Bh6 26. Rae1 Bf4 27. Nc3 Bxg3 28. Kxg3 Qg5 29. Qe3 Qd8 30. Ne4 Rb8 31. Re2 Rf8 32. Qh6 Rf4 33. Rh1 Qf8 34. Qxf8+ Rbxf8 35. Rf2 h6 36. Re1 g5 37. Rh1 Kg7 38. h4 gxh4+ 39. Rxh4 Kg6 40. b3 axb3 41. axb3 Bc8 42. Rhh2 Bd7 43. Rh1 Rb8 44. Nd2 Rbf8 45. Rfh2 Rh8 46. Ra1 h5 47. Rah1 Bxg4 48. Rh4 Bf5 49. Rxf4 exf4+ 50. Kxf4 h4 51. Rh2 Bd7 52. Rg2+ Kh6 53. Rh2 Rf8+ 54. Ke3 h3 55. Ne4 Kh5 56. Kf2 Kh4 57. Nd2 Ra8 58. Rh1 Ra2 59. Ke3 Bf5 60. Rg1 Ra8 61. Kf4 Bd7 62. Rg7 Rf8+ 63. Ke3 Bf5 64. Nf1 Rb8 65. Kf4 Rf8 66. Ke3 Re8+ 67. Kf4 Rf8 1/2-1/2

[Event "Silves Open 2025"]
[Site "Fissul"]
[Date "2025.03.07"]
[Round "9.2"]
[White "Degardin, Sylvain"]
[Black "Lux, Hugo de Melo"]
[Result "1/2-1/2"]
[Annotator "TA"]
[ECO "B61"]
[WhiteElo "2309"]
[BlackElo "2329"]
[PlyCount "36"]
[EventDate "2025.03.03"]
[EventType "swiss"]
[EventCountry "POR"]
[SourceTitle "playchess.com"]
[Source "ChessBase"]
[SourceQuality "1"]
[TimeControl "5400+30"]

1. e4 c5 2. Nf3 Nc6 3. d4 cxd4 4. Nxd4 Nf6 5. Nc3 d6 6. Bg5 Bd7 7. Qd2 Rc8 8. f3 a6 {[%emt 0:02:57] B61: Sicilian: Richter-Rauzer: 6...Bd7 7 Qd2.} 9. h4 Nxd4 10. Qxd4 Qa5 (10... h6 $11 11. Bxf6 gxf6) 11. Bc4 {[%emt 0:07:28] White is slightly better.} Qc5 12. Qxc5 Rxc5 13. Bb3 h5 $146 ({Predecessor:} 13... h6 14. Be3 Rc8 15. O-O-O e6 16. Rd2 Bc6 17. Bf4 e5 18. Be3 Be7 19. g4 Nd7 {½-½ Berg,E (2579)-Lissang,C (2313) Vasteras op 2016 (7)}) 14. O-O-O Be6 15. Rhe1 Bxb3 16. axb3 Nd7 17. Nd5 g6 18. c3 f6 {[%emt 0:01:19] Weighted Error Value: White=0.08 (flawless) /Black=0.08 (flawless)   Mistake:       	---       	Black=1      Inaccurate:     	White=1     	---        OK:         	White=4     	Black=4} 1/2-1/2

[Event "Silves Open 2025"]
[Site "Fissul"]
[Date "2025.03.07"]
[Round "9.3"]
[White "Fernandes, Antonio"]
[Black "Sanz Wawer, Daniel"]
[Result "1-0"]
[Annotator "TA"]
[ECO "E02"]
[WhiteElo "2326"]
[BlackElo "2283"]
[PlyCount "89"]
[EventDate "2025.03.03"]
[EventType "swiss"]
[EventCountry "POR"]
[SourceTitle "playchess.com"]
[Source "ChessBase"]
[SourceQuality "1"]
[TimeControl "5400+30"]

1. d4 Nf6 2. c4 e6 3. g3 d5 4. Bg2 Be7 5. Nf3 O-O 6. O-O dxc4 7. Qa4 Bd7 8. Qxc4 Bc6 9. Nc3 {[%emt 0:01:38] E02: Open Catalan: 5 Qa4+.} a6 10. Qd3 b5 11. a3 {[%emt 0:05:18] White is slightly better.} Nbd7 12. Rd1 Bb7 13. b4 (13. Bg5 {seems wilder.} c5 14. dxc5 Bxc5 15. Ne5) 13... Ra7 $146 ({Predecessor:} 13... Nb6 14. Ne5 Nbd5 15. Nxd5 Nxd5 16. e4 Nf6 17. Bf4 a5 18. d5 axb4 19. Qxb5 Ba6 {1-0 Mohammed,Z (2206)-Ashwath Narayanan,P (1760) Qatar Masters op-B 2024 (6)}) 14. e4 Qa8 15. Nd2 ({White should play} 15. d5 $16) 15... Rd8 (15... a5 $1 $11) 16. Qc2 $16 e5 17. Nb3 exd4 (17... Nb6 $142) 18. Nxd4 Bf8 19. Nf5 Re8 (19... Qc8 $16 {keeps fighting.}) 20. Be3 $1 $18 Nb6 21. Nd5 Nfxd5 22. exd5 Qd8 23. Rac1 Ba8 {[%emt 0:01:28] [#]} 24. d6 $2 cxd6 $11 25. Bxa8 Rxa8 26. Bxb6 Qxb6 27. Qc6 Qd8 28. Qd5 g6 29. Ne3 (29. Nxd6 $2 Bxd6 30. Qf3 (30. Qxd6 $2 Re1+ 31. Rxe1 Qxd6 $19) 30... Qe7 $19) 29... Qf6 30. Rc7 h5 31. Qd3 Qf3 32. Qd5 (32. Nd5 $2 Re1+ 33. Rxe1 Qxd3 $19) 32... Qf6 33. Qd3 Rac8 34. Nd5 Qe5 35. Rdc1 $40 {[%emt 0:00:46][%mdl 128] White is up to no good.} Rxc7 36. Rxc7 Bg7 37. Qf3 f5 38. Nf4 {[%emt 0:00:31][%cal Bd5f4,Bf4h3,Bh3g5][%mdl 1056] White has compensation.} Qf6 (38... Kh7 $11 {remains equal.}) 39. h4 {[%emt 0:00:27] White has more active pieces.} Re4 40. Kh2 Kh7 (40... d5 $14) 41. Nh3 $16 {[%emt 0:00:30] Ng5+ is the strong threat.} Re8 ({Black should try} 41... Kh6) 42. Qc6 Re2 (42... Re7 43. Rxe7 Qxe7) 43. Qa8 {[%emt 0:00:29] Ng5+ would kill now.} (43. Qxa6 f4 $16) 43... f4 44. Ng5+ ({Not} 44. gxf4 Qxh4 45. Qa7 Qf6 $14) 44... Kh6 {[%emt 0:00:05] [#]} 45. Qh8+ $3 {[%emt 0:00:01][%mdl 512] Weighted Error Value: White=0.32/Black=0.46  Missed win:     	White=1     	---        Mistake:       	White=1     	Black=7      Inaccurate:     	White=5     	Black=4      OK:         	White=11    	Black=10     Best:        	---       	Black=2      Strong:       	White=1     	---} 1-0

[Event "Silves Open 2025"]
[Site "Fissul"]
[Date "2025.03.07"]
[Round "9.4"]
[White "Sarabando, Rodrigo Andias"]
[Black "Hopman, Pieter"]
[Result "1/2-1/2"]
[Annotator "TA"]
[ECO "E94"]
[WhiteElo "2097"]
[BlackElo "2312"]
[PlyCount "75"]
[EventDate "2025.03.03"]
[EventType "swiss"]
[EventCountry "POR"]
[SourceTitle "playchess.com"]
[Source "ChessBase"]
[SourceQuality "1"]
[TimeControl "5400+30"]

1. d4 d6 2. Nf3 g6 3. c4 Bg7 4. e4 Nf6 5. Nc3 O-O 6. Be2 Nbd7 7. O-O e5 8. Be3 Qe7 $1 {[%emt 0:00:06][%mdl 4] is now more promising than 8...c6.} 9. d5 c5 {[%emt 0:02:08] E94: King's Indian: Classical: 6 Be2 e5 7 0-0: Various Black 7th moves.} 10. dxc6 {[%emt 0:06:46] White is more active.} (10. Re1 $16) 10... bxc6 $11 11. b4 Bb7 12. a3 $146 (12. Qd2 Rfd8 13. Rfd1 Nf8 14. a4 Ne6 15. h3 d5 16. cxd5 cxd5 17. exd5 Nxd5 18. Nxd5 Rxd5 19. Qa2 e4 20. Rxd5 Bxa1 21. Qxa1 Bxd5 22. Qe5 exf3 23. Qxd5 fxe2 {0-1 Al Sayed,M (2508)-Fressinet,L (2672) Wch Rapid Doha 2016 (13)}) 12... Rfd8 13. Qb3 Nf8 14. Rad1 Ne6 15. Ne1 Nd4 16. Qb2 ({Better is} 16. Bxd4 $11 exd4 17. Rxd4) 16... d5 $15 17. Bg5 h6 (17... dxe4 18. Nxe4 h6 19. Bxf6 Bxf6 20. Nxf6+ Qxf6 21. Nf3 $11) 18. Bxf6 Qxf6 19. Nd3 dxe4 {[%emt 0:04:39][%csl Od4] Strong Square Black (d4)} 20. Nc5 {[%emt 0:00:44] [#]} Qe7 21. Nxb7 Qxb7 22. Nxe4 f5 23. Nc5 Qe7 24. Nb3 {[%emt 0:00:11] [#]} c5 $1 25. Nxc5 (25. Nxd4 cxd4) 25... e4 26. Qa2 f4 {[%emt 0:00:11] Black has a king side majority} (26... a5 $17 27. Nb3 Nxe2+ (27... axb4 28. a4 $19) 28. Qxe2 axb4 29. axb4 Qxb4) 27. f3 (27. Nb3 $11) 27... exf3 ({Black should play} 27... a5 $17 {...axb4 is the strong threat.} 28. Nxe4 axb4 29. c5+ Kh7) 28. Bxf3 $11 Nxf3+ 29. gxf3 {[%emt 0:00:14] and Ne4 would now be decisive} Bd4+ 30. Kh1 Bxc5 31. bxc5 Qxc5 32. Qe2 Re8 {[%emt 0:01:03] Wards off Qe6+} 33. Qd3 Re6 34. Rfe1 Qc6 35. Kg2 Rf8 36. Rxe6 Qxe6 37. Qd5 Qxd5 38. Rxd5 {[%emt 0:00:00] Weighted Error Value: White=0.20 (precise) /Black=0.14 (very precise)   Mistake:       	White=3     	Black=2      Inaccurate:     	White=4     	Black=4      OK:         	White=7     	Black=14     Best:        	White=2     	Black=1      Brilliant:      	---       	Black=1} 1/2-1/2